 Dungeon Crawl Stone Soup version 0.20-a0-1043-gbd57889 (webtiles) character file.

87 Gorglomux the Chopper (level 4, -3/37 HPs)
             Began as a Hill Orc Gladiator on Apr 24, 2017.
             Killed from afar by Natasha (8 damage)
             ... with a magic dart
             ... on level 2 of the Dungeon.
             The game lasted 00:02:09 (1168 turns).

Gorglomux the Chopper (Hill Orc Gladiator)          Turns: 1168, Time: 00:02:09

Health: -3/37      AC:  6    Str: 16    XL:     4   Next: 51%
Magic:  4/4        EV: 12    Int:  8    God:
Gold:   50         SH:  0    Dex: 13    Spells: 3/3 levels left

rFire    . . .     SeeInvis .   a - +0 war axe
rCold    . . .     Gourm    .   (no shield)
rNeg     . . .     Faith    .   b - +0 leather armour
rPois    .         Spirit   .   c - +0 helmet
rElec    .         Reflect  .   m - +0 cloak
rCorr    .         Harm     .   (no gloves)
MR       .....                  e - +0 pair of boots
Stlth    +.........             (no amulet)
Regen    0.2/turn               (no ring)
MPRegen  0.1/turn               (no ring)

@: no status effects
A: no striking features
a: no special abilities


You were on level 2 of the Dungeon.
You were hungry.

You visited 1 branch of the dungeon, and saw 2 of its levels.

You collected 50 gold pieces.

Inventory:

Hand Weapons
 a - a +0 war axe (weapon)
Missiles
 d - 3 throwing nets {=f, !d}
Armour
 b - a +0 leather armour (worn)
 c - a +0 helmet (worn)
 e - a +0 pair of boots (worn)
   (You found it on level 1 of the Dungeon)
 m - a +0 cloak (worn)
   (You found it on level 1 of the Dungeon)
Scrolls
 g - a scroll of immolation {unknown}
 h - a scroll of enchant armour {unknown}
 i - 2 scrolls of teleportation {unknown}
 o - a scroll of noise {unknown}
 q - a scroll of remove curse {unknown}
 t - a scroll of enchant weapon {unknown}
 u - a scroll of recharging {unknown}
 v - a scroll of identify {unknown}
Potions
 j - a potion of heal wounds {unknown}
 k - 2 potions of haste
 n - a potion of mutation {unknown}
 r - a potion of curing {unknown}
Comestibles
 f - 3 bread rations {@e1@e1}
 l - a meat ration {@e2@e2}
 s - 2 royal jellies


   Skills:
 - Level 2.4 Fighting
 + Level 6.8 Axes
 - Level 1.7 Throwing
 - Level 2.4 Dodging


You had 3 spell levels left.
You didn't know any spells.

Dungeon Overview and Level Annotations

Branches:
Dungeon (2/15)

Altars:

Annotations:
D:2 Natasha


Message History

You hit Terence. Terence closely misses you. x2
Unknown command.
You barely miss Terence. Terence closely misses you.
Unknown command.
You hit Terence. Terence misses you. Terence hits you but does no damage.
You hit Terence. Terence misses you. Terence hits you but does no damage.
You slash Terence!
You kill Terence!
No target in view!
Things that are here:
a short sword; a ring mail No target in view!
There isn't anything to butcher here.
p - 2 javelins (gained 1)
p - 3 javelins (gained 1)
p - 4 javelins (gained 1)
Things that are here:
a short sword; a ring mail
u - a scroll labeled NOYNIXAISO You regained 2 hp, and now have 30/37 hp.
You see here a club.
v - a scroll labeled VAITITRI PUFU A hobgoblin comes into view.
It is wielding a club.
A hobgoblin is nearby!
A hobgoblin is nearby!
A hobgoblin is nearby!
Natasha, Servant of Life and Death comes into view.
Natasha hisses angrily.
Natasha casts a spell.
Aim: Natasha You throw a javelin.
The javelin closely misses Natasha.
The hobgoblin completely misses you.
Aim: Natasha You throw a javelin.
The javelin misses Natasha.
The hobgoblin barely misses you. x2
Aim: Natasha You throw a javelin.
The javelin barely misses Natasha.
Natasha casts a spell at you. You resist with some effort.
The hobgoblin closely misses you.
Unknown command.
Aim: Natasha You throw a javelin.
The javelin closely misses Natasha.
The hobgoblin barely misses you.
Firing (i - inventory): No suitable missiles.
Aim: Natasha
Okay, then.
You barely miss Natasha. You hit the hobgoblin.
The hobgoblin completely misses you. The crimson imp spits at you.
Natasha claws you.
You take 2 damage, and have 30/37 hp.
You hit the hobgoblin.
You kill the hobgoblin!
You hit Natasha. Natasha claws you!
You take 9 damage, and have 21/37 hp.
MASSIVE DAMAGE!!
You are too injured to fight recklessly!
You are too injured to fight recklessly!
You closely miss Natasha.
Natasha stares at you and mumbles some strange words.
The magic dart hits you!
The crimson imp hits you but does no damage.
You take 6 damage, and have 15/37 hp.
You completely miss Natasha. You miss the crimson imp.
Natasha casts a spell at you. The magic dart hits you!
* * * LOW HITPOINT WARNING * * *
The crimson imp barely misses you.
Natasha mumbles some strange words.
You take 5 damage, and have 10/37 hp.
Unknown command.
You barely miss Natasha. You closely miss the crimson imp.
The crimson imp misses you. Natasha claws you.
* * * LOW HITPOINT WARNING * * *
You take 1 damage, and have 9/37 hp.
Unknown command.
You closely miss Natasha. You closely miss the crimson imp.
The crimson imp hits you but does no damage.
Natasha casts a spell at you. You resist with some effort.
Unknown command.
You closely miss Natasha. You miss the crimson imp.
The crimson imp closely misses you. Natasha barely misses you.
Unknown command.
You slash Natasha! You hit the crimson imp.
The crimson imp hits you but does no damage.
Natasha claws you.
* * * LOW HITPOINT WARNING * * *
You take 1 damage, and have 8/37 hp.
You hit Natasha but do no damage. You hit the crimson imp.
The crimson imp closely misses you. Natasha claws you.
* * * LOW HITPOINT WARNING * * *
You take 3 damage, and have 5/37 hp.
Unknown command.
You closely miss Natasha.
You hit the crimson imp but do no damage.
The crimson imp hits you but does no damage.
Natasha stares at you and mumbles some strange words.
The magic dart hits you!
You die...

#............#.
(........#.........)..#.
.........#............#.
(........#........(...#.
.........#....).......#.
.........#............#.
.........#..............
......h..#......>....##.
.....55@...+.+..........
.###'######.#.#######.#.
#.#... ...... #.#....
....#. .# ##++####.. ##
###


You could see Natasha, a crimson imp and a white imp.

Vanquished Creatures
  Terence (D:2)
  Natasha (D:2)
  A worm (D:2)
  A dart slug (D:1)
  3 bats
  2 giant cockroaches (D:1)
  3 goblins
  5 hobgoblins
  4 jackals (D:1)
  3 kobolds
  A quokka (D:2)
  2 frilled lizards (D:1)
  5 rats
32 creatures vanquished.

Notes
Turn   | Place    | Note
-------+----------+-------------------------------------------
     0 | D:1      | Gorglomux the Hill Orc Gladiator began the quest for the Orb.
     0 | D:1      | Reached XP level 1. HP: 18/18 MP: 1/1
   137 | D:1      | Reached XP level 2. HP: 22/25 MP: 2/2
   422 | D:1      | Reached skill level 5 in Axes
   750 | D:1      | Noticed a big kobold
   750 | D:1      | Noticed a big kobold
   750 | D:1      | Noticed a big kobold
   750 | D:1      | Noticed a big kobold
   753 | D:1      | Reached XP level 3. HP: 30/30 MP: 3/3
   941 | D:2      | Noticed Natasha
   952 | D:2      | Killed Natasha
   952 | D:2      | Reached skill level 6 in Axes
  1077 | D:2      | Reached XP level 4. HP: 37/37 MP: 4/4
  1112 | D:2      | Noticed Terence
  1125 | D:2      | Killed Terence
  1154 | D:2      | Noticed Natasha
  1163 | D:2      | HP: 9/37 [Natasha (1)]
  1168 | D:2      | Killed from afar by Natasha

Vault maps used:
D:1:      erik_arrival_cave_to_civilisation, serial_bayou_pond_e
D:2:      kennysheep_big_flooded_room, first_bread,
          nicolae_tso_swordbearing_angel, uniq_natasha, uniq_crazy_yiuf_cottage,
          uniq_terence

Skill      XL: |  1  2  3 |
---------------+----------+-----
Axes           | 5 6 |  6.8
Fighting       | |  2.4
Throwing       | |  1.7
Dodging        | |  2.4

Action                   |  1- 3 |  4- 6 || total
-------------------------+-------+-------++-------
Melee: War axe           |    67 |    29 ||    96
Throw: Javelin           |     8 |     8 ||    16
Armor: Leather armour    |    21 |     9 ||    30
Dodge: Dodged            |    43 |    32 ||    75

Vault maps used:
D:1:      erik_arrival_cave_to_civilisation, serial_bayou_pond_e
D:2:      kennysheep_big_flooded_room, first_bread,
          nicolae_tso_swordbearing_angel, uniq_natasha, uniq_crazy_yiuf_cottage,
          uniq_terence

Table legend:
 A = Turns spent in this place as a percentage of turns spent in the entire game.
 B = Non-inter-level travel turns spent in this place as a percentage of non-inter-level travel turns spent in the entire game.
 C = Inter-level travel turns spent in this place as a percentage of turns spent in this place.
 D = Turns resting spent in this place as a percentage of non-inter-level travel turns spent in this place.
 E = Turns spent auto-exploring this place as a percentage of non-inter-level travel turns spent in this place.
 F = Non-inter-level travel turns spent in this place divided by the number of levels of this place that you've seen.
                   A       B       C       D       E      F
               +-------+-------+-------+-------+-------+----------------------
         Total | 100.0 | 100.0 |   0.3 |   0.6 |  11.5 | 177.5
       Dungeon | 100.0 | 100.0 |   0.3 |   0.6 |  11.5 | 177.5
               +-------+-------+-------+-------+-------+----------------------

Table legend:
 A = Kills in this place as a percentage of kills in entire the game.
 B = Kills by you in this place as a percentage of kills by you in the entire game.
 C = Kills by friends in this place as a percentage of kills by friends in the entire game.
 D = Other kills in this place as a percentage of other kills in the entire game.
 E = Experience gained in this place as a percentage of experience gained in the entire game.
 F = Experience gained in this place divided by the number of levels of this place that you have seen.
                   A       B       C       D       E      F
               +-------+-------+-------+-------+-------+----------------------
         Total | 100.0 | 100.0 |  -nan |  -nan | 100.0 |  62.5
       Dungeon | 100.0 | 100.0 |  -nan |  -nan | 100.0 |  62.5
               +-------+-------+-------+-------+-------+----------------------
